AoeStats
← illus

Oasis

508821625Analyzed
4v4 RM · 7d ago on Sep 24, 2026· 43m 15s· 8 players
Game mode
Random Map
Map size
Large (8 player)
Population
200
Speed
Normal
Resources
Standard
Victory
Conquest
Starting age
Dark Age
Ending age
Imperial Age
RankedLock teamsTeams togetherTeam positionsShared explorationLock speedFull tech treeHidden civsTurbo modeCheats
Victory
Defeat
🇲🇽 Varangians · Mexico
1235
+14
🇨🇳 Muisca · China
1227
+15
🇹🇼 Danes · Taiwan
1210
+15
🇨🇳 Persians · China
1177
+17
🇲🇽 Wei · Mexico
1262
-18
🇲🇽 Mongols · Mexico
1244
-17
🇲🇽 Persians · Mexico
1165
-14
🇲🇽 Vietnamese · Mexico
1108
-12
Malvavisco
4:57 Loom
10:16 Feudal Age
15:17 Castle Age
15:48 Stone Mining
16:42 Double-Bit Axe
17:26 Scale Mail Armor
22:00 Horse Collar
23:17 Bow Saw
23:23 Heavy Plow
26:55 Fletching
28:53 Wheelbarrow
28:04 Town Watch
30:51 Arson
31:07 Squires
30:52 Gambesons
32:55 Gold Mining
33:40 Stone Shaft Mining
33:01 Hamask
38:52 Imperial Age
40:24 Conscription
42:19 Chain Mail Armor
42:16 Forging
DSLG | Rommel
7:19 Loom
9:23 Feudal Age
10:01 Double-Bit Axe
12:08 Bloodlines
13:26 Forging
17:16 Scale Barding Armor
21:14 Castle Age
20:50 Horse Collar
21:05 Stone Mining
21:07 Gold Mining
21:41 Light Cavalry
22:21 Husbandry
23:00 Iron Casting
22:38 Bow Saw
23:52 Wheelbarrow
29:53 Town Watch
31:43 Hand Cart
32:41 Treadmill Crane
33:12 Fortified Wall
33:13 Masonry
34:08 Town Patrol
34:58 Gambesons
35:14 Squires
34:59 Arson
37:38 Scale Mail Armor
37:32 Fletching
39:10 Heavy Plow
39:19 Pikeman
44:51 Imperial Age
illus
6:57 Loom
9:18 Feudal Age
10:19 Double-Bit Axe
11:01 Horse Collar
15:30 Gold Mining
19:15 Castle Age
20:21 Bow Saw
23:10 Fletching
23:19 Town Watch
23:46 Stone Mining
27:05 Scale Barding Armor
28:19 Chain Barding Armor
30:03 Gold Shaft Mining
30:53 Wheelbarrow
31:42 Hand Cart
35:27 Imperial Age
34:12 Forging
34:49 Bloodlines
34:40 Husbandry
36:28 Plate Barding Armor
35:15 Cavalier
36:26 Conscription
38:05 Iron Casting
37:01 Savar
39:55 Blast Furnace
litchi
10:44 Feudal Age
12:24 Loom
18:55 Castle Age
17:35 Double-Bit Axe
17:33 Horse Collar
19:17 Gold Mining
20:05 Bow Saw
21:01 Gold Shaft Mining
22:08 Sanctity
23:19 Town Watch
25:08 Redemption
25:12 Fervor
36:16 Imperial Age
38:29 Wheelbarrow
39:12 Two-Man Saw
38:14 Heavy Plow
39:39 Scale Mail Armor
40:09 Stone Mining
40:36 Hand Cart
41:09 Squires
40:36 Elite Temple Guard
41:34 Chain Mail Armor
42:27 Stone Shaft Mining
MZTK | GaboxNet .i.
9:33 Feudal Age
11:54 Double-Bit Axe
12:22 Bloodlines
16:11 Loom
19:11 Castle Age
17:08 Horse Collar
20:28 Bow Saw
20:25 Heavy Plow
20:36 Light Cavalry
22:15 Wheelbarrow
30:41 Gold Mining
34:24 Imperial Age
33:52 Hand Cart
34:50 Heavy Scorpion
37:20 Gold Shaft Mining
37:29 Scale Barding Armor
37:34 Forging
37:24 Hussar
39:03 Ballistics
38:55 Husbandry
39:06 Heavy Camel Rider
41:49 Chain Barding Armor
42:04 Iron Casting
MZTK | Puppet
10:50 Feudal Age
15:08 Castle Age
13:20 Double-Bit Axe
13:24 Horse Collar
17:36 Bow Saw
23:43 Bloodlines
23:33 Husbandry
27:40 Imperial Age
24:55 Loom
25:46 Wheelbarrow
24:57 Town Watch
25:35 Light Cavalry
28:37 Forging
29:35 Scale Barding Armor
30:06 Iron Casting
31:07 Hussar
33:35 Blast Furnace
34:17 Chain Barding Armor
36:33 Fletching
36:44 Padded Archer Armor
37:54 Heavy Hei Guang Cavalry
41:39 Bodkin Arrow
_MZTK_SIRO_
8:00 Loom
10:20 Feudal Age
10:26 Man-at-Arms
11:05 Double-Bit Axe
18:23 Fletching
19:22 Horse Collar
26:04 Castle Age
24:06 Gold Mining
24:53 Stone Mining
Redrum821
4:47 Loom
9:19 Feudal Age
9:59 Town Watch
10:56 Double-Bit Axe
17:51 Fletching
19:23 Horse Collar
24:53 Castle Age
25:37 Bow Saw
24:52 Crossbowman
25:32 Bodkin Arrow
26:05 Thumb Ring
27:23 Wheelbarrow
34:15 Town Patrol
36:07 Stone Mining
36:07 Gold Mining
39:05 Gold Shaft Mining
39:20 Elite Skirmisher
43:49 Imperial Age
41:35 Husbandry
41:45 Bloodlines
41:50 Forging
Connection lost

Rejoining the realm…

Still unreachable

The connection could not be restored.

Session expired

The server has moved on; the page needs a fresh start.